 Dungeon Crawl Stone Soup version 0.25-a0-545-ge4db218afc (webtiles) character file.

Game seed: 4990552869263816623, levelgen mode: deterministic

329 Emblim88 the Covered (level 6, -3/39 HPs)
             Began as a Gargoyle Fighter on Feb 21, 2020.
             Slain by an ogre
             ... wielding a +0 giant club
              (23 damage)
             ... on level 4 of the Dungeon.
             The game lasted 00:05:55 (2606 turns).

Emblim88 the Covered (Gargoyle Fighter)             Turns: 2606, Time: 00:05:56

Health: -3/39      AC: 21    Str: 21    XL:     6   Next: 51%
Magic:  7/7        EV:  5    Int:  8    God:
Gold:   151        SH:  9    Dex: 10    Spells: 5/5 levels left

rFire    . . .     SeeInvis .   a - +0 flail
rCold    . . .     Gourm    .   c - +0 kite shield
rNeg     + . .     Faith    .   y - +0 chain mail
rPois    ∞         Spirit   .   (no helmet)
rElec    +         Reflect  .   u - +0 cloak
rCorr    .         Harm     .   (no gloves)
MR       .....                  (no boots)
Stlth    ..........             (no amulet)
HPRegen  0.13/turn              i - +6 ring of protection
MPRegen  0.10/turn              (no ring)

@: no status effects
A: negative energy resistance 1, electricity resistance, unbreathing,
petrification resistance, rot immunity, AC +4
a: no special abilities


You were on level 4 of the Dungeon.
You were not hungry.

You visited 1 branch of the dungeon, and saw 4 of its levels.

You collected 151 gold pieces.

Inventory:

Hand Weapons
 a - a +0 flail (weapon)
Missiles
 n - 88 stones (quivered)
Armour
 b - a +0 scale mail
 c - a +0 kite shield (worn)
 u - a +0 cloak (worn)
 y - a +0 chain mail (worn)
Jewellery
 i - a +6 ring of protection (left hand)
Wands
 t - a wand of acid (23)
Scrolls
 d - 2 scrolls of remove curse {unknown}
 g - a scroll of fog {unknown}
 j - a scroll of blinking {unknown}
 l - 4 scrolls of identify {unknown}
 o - 2 scrolls of teleportation {unknown}
 p - a scroll of noise {unknown}
 q - a scroll of magic mapping {unknown}
 x - a scroll of immolation {unknown}
Potions
 e - 3 potions of heal wounds {unknown}
 h - a potion of invisibility {unknown}
 k - 2 potions of stabbing {unknown}
 r - 5 potions of mutation {unknown}
 s - a potion of degeneration {unknown}
 v - a potion of flight {unknown}
 z - a potion of brilliance {unknown}
Comestibles
 f - 9 rations
 m - 3 chunks of flesh


   Skills:
 + Level 4.5 Fighting
 + Level 3.4 Maces & Flails
 + Level 4.6 Armour
 + Level 4.5 Shields
 + Level 2.0 Evocations


You had 5 spell levels left.
You didn't know any spells.
Your spell library was empty.

Dungeon Overview and Level Annotations

Branches:
Dungeon (4/15)
 Temple: D:4-7

Altars:


Innate Abilities, Weirdness & Mutations

You are resistant to torment.
Your stone body is resilient. (AC +4)
You are immune to poison.
You resist negative energy. (rN+)
You are resistant to electric shocks. (rElec)
You can survive without breathing.
You are immune to petrification.
You are immune to rotting.


Message History

The dart slug is moderately wounded.
You block the dart slug's attack.
You sock the dart slug!
You kill the dart slug!
The ogre hits you but does no damage.
You hit the ogre but do no damage. The ogre barely misses you.
Your chain mail prevents you from hitting the ogre.
The ogre hits you with a +0 giant club!
You barely miss the ogre. The ogre closely misses you.
You hit the ogre.
The ogre is moderately wounded.
The ogre barely misses you.
You thump the ogre!
The ogre is heavily wounded.
The ogre hits you with a +0 giant club.
You hit the ogre.
The ogre is severely wounded.
The ogre hits you with a +0 giant club!!
Ouch! That really hurt!
You die...

#..#.#### ####
..#.##...[##.....
.............#
....#####.#####
####.#####.....#
.....#..###..# .#
#.#..# # #...##
###@# #.O# ..#..
...##.# ..... .#
###... . #... )
#.... ..


You could see an ogre.

Vanquished Creatures
  A scorpion (D:4)
  A hound (D:4)
  An orc priest (D:3)
  Jessica (D:2)
  Robin (D:2)
  4 gnolls (D:3)
  4 adders
  A worm (D:3)
  4 dart slugs
  4 leopard geckos
  17 orcs
  2 giant cockroaches
  11 goblins
  4 hobgoblins
  3 jackals (D:1)
  5 bats
  3 frilled lizards
  11 kobolds
  A quokka skeleton (D:4)
  4 rats
83 creatures vanquished.

Notes
Turn   | Place    | Note
-------+----------+-------------------------------------------
     0 | D:1      | Emblim88 the Gargoyle Fighter began the quest for the Orb.
     0 | D:1      | Reached XP level 1. HP: 14/14 MP: 1/1
   521 | D:1      | Reached XP level 2. HP: 18/19 MP: 2/2
   871 | D:2      | Reached XP level 3. HP: 23/23 MP: 3/3
  1137 | D:2      | Noticed Jessica
  1159 | D:2      | Killed Jessica
  1159 | D:2      | Reached XP level 4. HP: 21/29 MP: 4/4
  1410 | D:3      | Reached skill level 1 in Evocations
  1709 | D:3      | Reached XP level 5. HP: 26/33 MP: 5/5
  1896 | D:3      | Noticed Robin
  2045 | D:2      | Killed Robin
  2239 | D:3      | Reached XP level 6. HP: 37/38 MP: 7/7
  2606 | D:4      | Slain by an ogre

Levels and vault maps discovered:
D:1:      minmay_arrival_widening_spiral_wide, layout_basic, minivault_19
D:2:      layout_rooms, uniq_jessica
D:3:      layout_rooms, supply_closet_lemuel, minmay_misc_feat_alley,
          serial_bayou_ford_a, uniq_robin
D:4:      layout_rooms, serial_glass, glass_columns_a, glass_columns_b,
          minmay_ruptured

Skill      XL: |  1  2  3  4  5  6 |
---------------+-------------------+-----
Armour         | 4 |  4.6
Evocations     | 1 2 |  2.0
Shields        | 4 |  4.5
Fighting       | 4 |  4.5
Maces & Flails | 3 |  3.4

Action                   |  1- 3 |  4- 6 || total
-------------------------+-------+-------++-------
Melee: Flail             |   122 |   243 ||   365
Throw: Stone             |       |     4 ||     4
  Use: Potion            |       |     1 ||     1
  Eat: Chunk             |     1 |     5 ||     6
Armor: Scale mail        |    78 |       ||    78
       Chain mail        |       |   210 ||   210
Dodge: Dodged            |    44 |    83 ||   127
Block: Kite shield       |    65 |   187 ||   252

Table legend:
 A = Non-vault XP
 B = Vault XP
 C = Vault XP percentage of total XP
 D = Non-vault monster count
 E = Vault monster count
 F = Vault count percentage of total count
                 A         B        C        D         E       F
            +---------+---------+-------+---------+---------+-------
      Total |     396 |      75 |  15.9 |      70 |      13 |  15.7
            +---------+---------+-------+---------+---------+-------
        D:1 |      19 |       0 |   0.0 |      13 |       0 |   0.0
        D:2 |      59 |      52 |  46.8 |      23 |       2 |   8.0
        D:3 |     199 |      19 |   8.7 |      30 |      10 |  25.0
        D:4 |     119 |       4 |   3.3 |       4 |       1 |  20.0
            +---------+---------+-------+---------+---------+-------
